[Event "9th Beirut Open 2017"]
[Site "Beirut"]
[Date "2017.10.04"]
[Round "6"]
[White "Khechen, Nabil E"]
[Black "Kaloust, Giorgio"]
[Result "0-1"]
[ECO "A00"]
[WhiteElo "1956"]
[BlackElo "1764"]
[Annotator "NA"]
[PlyCount "105"]
[EventDate "2017.??.??"]
[EventCountry "LBN"]
[SourceTitle "playchess.com"]
[Source "ChessBase"]
[SourceQuality "1"]
[TimeControl "5400+30"]

1. e4 c5 2. d4 cxd4 3. c3 dxc3 4. Nxc3 g6 5. Bc4 Bg7 6. Qb3 e6 7. Nb5 a6 8. Nd6+ Kf8 9. Qf3 f6 10. Bd2 Nc6 11. Bc3 Qe7 12. Rd1 b5 13. Be2 b4 14. Nxc8 Rxc8 15. Bxa6 Ra8 16. Bb7 Rxa2 17. Bd2 Rxb2 18. Bf4 e5 19. Be3 b3 20. Ne2 Qb4+ 21. Bd2 Rxd2 22. Rxd2 b2 23. Nc3 Qxc3 24. Qxc3 b1=Q+ 25. Rd1 Qxb7 26. O-O Nge7 27. Rb1 Qc8 28. Rfc1 Bh6 29. Rd1 Kg7 30. Qc5 Re8 31. Rd6 Rd8 32. Qb6 Qb8 33. Qxb8 Rxb8 34. Rbd1 Rd8 35. g3 Kf7 36. Kg2 Bg7 37. Rxd7 Rxd7 38. Rxd7 Ke6 39. Rb7 f5 40. f3 Bf6 41. h3 h5 42. Kf2 f4 43. g4 Nd4 44. Ra7 hxg4 45. hxg4 Nec6 46. Rh7 Nb4 47. Kg2 Nbc2 48. Kf2 Ne3 49. Rh1 Nc4 50. Rh6 Kf7 51. Rh3 Nd2 52. Rh7+ Bg7 53. Rh3 0-1

[Event "9th Beirut Open 2017"]
[Site "Beirut"]
[Date "2017.10.04"]
[Round "6"]
[White "Muhssen, Fared Saleh"]
[Black "Ward, Serge"]
[Result "1-0"]
[ECO "A00"]
[WhiteElo "1905"]
[BlackElo "1730"]
[Annotator "NA"]
[PlyCount "102"]
[EventDate "2017.??.??"]
[EventCountry "LBN"]
[SourceTitle "playchess.com"]
[Source "ChessBase"]
[SourceQuality "1"]
[TimeControl "5400+30"]

1. d4 Nf6 2. Nf3 d5 3. Bf4 Bf5 4. e3 e6 5. Nbd2 Bd6 6. Ne5 Nbd7 7. Be2 O-O 8. O-O Bxe5 9. dxe5 Ne4 10. Nxe4 Bxe4 11. f3 Bg6 12. c4 c6 13. Bd3 Qb6 14. Rf2 Nxe5 15. Bxe5 Qxe3 16. Bxg6 Qxe5 17. Re2 Qf6 18. Bc2 dxc4 19. Qe1 Rfd8 20. Qc3 Qxc3 21. bxc3 Rd6 22. Kf2 Rad8 23. f4 g6 24. g4 Kg7 25. a4 Rd2 26. a5 Rxe2+ 27. Kxe2 Rd7 28. Ra4 Rd5 29. Rb4 Rxa5 30. Rxb7 Ra1 31. Rb1 Ra2 32. Kd1 Ra3 33. Kd2 a5 34. Rb6 Ra1 35. Rxc6 Rh1 36. Bd1 Rxh2+ 37. Be2 h5 38. gxh5 gxh5 39. Rxc4 h4 40. Ra4 h3 41. Rxa5 Kg6 42. Ke3 Rg2 43. Bf3 Rg1 44. Rh5 Rc1 45. Kd3 Kf6 46. Rxh3 e5 47. fxe5+ Kxe5 48. Rh5+ Kf4 49. Bd5 f5 50. Be6 Rd1+ 51. Kc4 Ke3 1-0

[Event "9th Beirut Open 2017"]
[Site "Beirut"]
[Date "2017.10.04"]
[Round "6"]
[White "Ghassan, Houmsi"]
[Black "Berbari, Imad"]
[Result "1/2-1/2"]
[ECO "A00"]
[WhiteElo "1841"]
[BlackElo "1680"]
[Annotator "NA"]
[PlyCount "82"]
[EventDate "2017.??.??"]
[EventCountry "LBN"]
[SourceTitle "playchess.com"]
[Source "ChessBase"]
[SourceQuality "1"]
[TimeControl "5400+30"]

1. e4 g6 2. d4 Bg7 3. Nf3 c5 4. c3 cxd4 5. cxd4 d5 6. e5 Bg4 7. Nc3 Nc6 8. Bb5 e6 9. O-O Nge7 10. Bg5 O-O 11. Bxc6 bxc6 12. h3 Bxf3 13. Qxf3 Qc7 14. Bxe7 Qxe7 15. Qe3 Qb4 16. b3 c5 17. Rad1 cxd4 18. Rxd4 Qb6 19. Na4 Qa5 20. Rfd1 Rfc8 21. R4d2 Rab8 22. Re2 Qb5 23. Rde1 Rb7 24. g3 Rbc7 25. Kg2 a6 26. h4 h5 27. Rd2 Rc1 28. Rde2 Rxe1 29. Rxe1 Qc6 30. Kg1 Kh7 31. Qe2 Re8 32. Qe3 Bh6 33. Qe2 Rb8 34. Qf3 Qc7 35. Kg2 Rd8 36. a3 Kg8 37. b4 Bf8 38. Nc3 Rc8 39. Ne2 Re8 40. Rc1 Rc8 41. Rxc7 Rxc7 1/2-1/2

[Event "9th Beirut Open 2017"]
[Site "Beirut"]
[Date "2017.10.04"]
[Round "6"]
[White "Djikerian, Rafi"]
[Black "Lakhoyan, Hrag"]
[Result "1/2-1/2"]
[ECO "A00"]
[WhiteElo "1835"]
[BlackElo "1582"]
[Annotator "NA"]
[PlyCount "62"]
[EventDate "2017.??.??"]
[EventCountry "LBN"]
[SourceTitle "playchess.com"]
[Source "ChessBase"]
[SourceQuality "1"]
[TimeControl "5400+30"]

1. d4 Nf6 2. g3 d5 3. Bg2 c6 4. Nf3 Bf5 5. Bf4 e6 6. O-O Bd6 7. Ne5 Qc7 8. Nd3 Bxf4 9. Nxf4 Nbd7 10. Nd2 g5 11. Nh3 g4 12. Nf4 h5 13. Re1 O-O-O 14. c4 dxc4 15. e4 Bg6 16. Nxg6 fxg6 17. e5 Ne8 18. Nxc4 Nb6 19. Na5 Nd5 20. Nb3 Ng7 21. Rc1 Qb6 22. Be4 Nf5 23. Nc5 Nc7 24. Bxf5 gxf5 25. Qd2 h4 26. Rc4 hxg3 27. hxg3 Rh3 28. Re3 Qb5 29. Qc2 Rdh8 30. Kf1 Rh1+ 31. Ke2 R8h2 1/2-1/2

[Event "9th Beirut Open 2017"]
[Site "Beirut"]
[Date "2017.10.04"]
[Round "6"]
[White "Hanna, Elie"]
[Black "Elghazzawi, Omar"]
[Result "1-0"]
[ECO "A00"]
[WhiteElo "1778"]
[BlackElo "1332"]
[Annotator "NA"]
[PlyCount "67"]
[EventDate "2017.??.??"]
[EventCountry "LBN"]
[SourceTitle "playchess.com"]
[Source "ChessBase"]
[SourceQuality "1"]
[TimeControl "5400+30"]

1. e4 e5 2. Nf3 d6 3. d4 exd4 4. Nxd4 Nf6 5. Nc3 a6 6. Bg5 Be7 7. Bd3 b6 8. Qd2 O-O 9. f3 Bb7 10. Nf5 Nbd7 11. h4 h5 12. O-O-O g6 13. Nxe7+ Qxe7 14. Nd5 Bxd5 15. exd5 Qe8 16. Rde1 Qb8 17. g4 b5 18. gxh5 Nxh5 19. Bh6 Re8 20. Reg1 Ne5 21. Be4 Qd8 22. f4 Nc4 23. Qd3 Qf6 24. c3 Nxf4 25. Qf3 Nh5 26. Qxf6 Nxf6 27. Bxg6 fxg6 28. Rxg6+ Kh7 29. Rxf6 Re7 30. Bg5 Rg7 31. Rh6+ Kg8 32. Bf6 Re8 33. Bxg7 Kxg7 34. Re6 1-0

[Event "9th Beirut Open 2017"]
[Site "Beirut"]
[Date "2017.10.04"]
[Round "6"]
[White "Abdo, Moussa"]
[Black "Toufayli, Adnan"]
[Result "1-0"]
[ECO "A00"]
[WhiteElo "1753"]
[BlackElo "1509"]
[Annotator "NA"]
[PlyCount "118"]
[EventDate "2017.??.??"]
[EventCountry "LBN"]
[SourceTitle "playchess.com"]
[Source "ChessBase"]
[SourceQuality "1"]
[TimeControl "5400+30"]

1. e4 e5 2. Nf3 Nc6 3. d4 exd4 4. Nxd4 Qf6 5. Be3 Bc5 6. c3 Bb6 7. Bc4 Nge7 8. O-O Ne5 9. Be2 a6 10. f4 N5c6 11. e5 Qh6 12. Rf3 d5 13. f5 g5 14. Rh3 Qf8 15. e6 Nxd4 16. exf7+ Kd8 17. Bxd4 Bxf5 18. Re3 Qxf7 19. Bxb6 cxb6 20. Qd4 Kc7 21. Qe5+ Kd7 22. Nd2 Rae8 23. Rf1 Qg6 24. Ref3 Rhf8 25. g4 Nc6 26. Qxd5+ Qd6 27. Qxd6+ Kxd6 28. Nc4+ Kc7 29. Bd1 Re4 30. Rxf5 Rxf5 31. Rxf5 Rxc4 32. Rxg5 Re4 33. Kf2 Ne5 34. Rg7+ Kc6 35. h3 h6 36. Bf3 Nxf3 37. Kxf3 Re6 38. Rf7 a5 39. h4 Re1 40. Kg2 Re2+ 41. Rf2 Re4 42. Kf3 Re6 43. g5 h5 44. Rg2 Re8 45. Kf4 Rf8+ 46. Ke5 Kd7 47. g6 Ke7 48. Rg5 Rg8 49. g7 Kf7 50. Kf5 a4 51. a3 b5 52. Kf4 Kf6 53. Rxb5 Rxg7 54. Rb4 Rh7 55. Kg3 Rg7+ 56. Kh3 Rg1 57. Rxa4 Ke5 58. Rb4 Ke6 59. Kh2 Rg8 1-0

[Event "9th Beirut Open 2017"]
[Site "Beirut"]
[Date "2017.10.04"]
[Round "6"]
[White "Saeed, Riad"]
[Black "Habash, Mohamad"]
[Result "1/2-1/2"]
[ECO "A00"]
[WhiteElo "1685"]
[BlackElo "1834"]
[Annotator "NA"]
[PlyCount "56"]
[EventDate "2017.??.??"]
[EventCountry "LBN"]
[SourceTitle "playchess.com"]
[Source "ChessBase"]
[SourceQuality "1"]
[TimeControl "5400+30"]

1. e4 c5 2. Nf3 g6 3. c3 Bg7 4. Bd3 Nf6 5. Bc2 d5 6. exd5 Nxd5 7. O-O O-O 8. d4 cxd4 9. Nxd4 a6 10. Bb3 Nf6 11. Re1 Qc7 12. h3 b5 13. Qe2 e6 14. a4 b4 15. cxb4 Bb7 16. Qc4 Qd7 17. Be3 Rc8 18. Qe2 Ne4 19. Rd1 Qe7 20. b5 Qb4 21. Qe1 Qxe1+ 22. Rxe1 Bxd4 23. Bxd4 axb5 24. Nc3 Nd2 25. Nxb5 Ba6 26. Be3 Bxb5 27. Bxd2 Bc4 28. Rac1 Bd5 1/2-1/2

[Event "9th Beirut Open 2017"]
[Site "Beirut"]
[Date "2017.10.04"]
[Round "6"]
[White "Tarraf, Tarraf"]
[Black "Eid, Wissam"]
[Result "1-0"]
[ECO "A00"]
[WhiteElo "1653"]
[BlackElo "1531"]
[Annotator "NA"]
[PlyCount "77"]
[EventDate "2017.??.??"]
[EventCountry "LBN"]
[SourceTitle "playchess.com"]
[Source "ChessBase"]
[SourceQuality "1"]
[TimeControl "5400+30"]

1. c4 e6 2. g3 c6 3. Bg2 Nf6 4. Nf3 d5 5. cxd5 exd5 6. d4 Be7 7. Nc3 O-O 8. O-O Bf5 9. Nh4 Be6 10. Qc2 Ng4 11. Nf3 Nd7 12. h3 Ngf6 13. Ng5 h6 14. Nxe6 fxe6 15. e4 Nh7 16. Qe2 Bg5 17. f4 Be7 18. Kh2 Nb6 19. b3 Qd7 20. e5 Rac8 21. a4 c5 22. a5 Na8 23. Nb5 a6 24. Nd6 Bxd6 25. exd6 cxd4 26. Ba3 Rc3 27. Qe5 Rxb3 28. Qxd4 Nf6 29. Rfb1 Rb5 30. Bb4 Ne4 31. Bf1 Rf5 32. Bxb5 axb5 33. a6 b6 34. Re1 Nxd6 35. Bxd6 Qxd6 36. Rac1 Qd7 37. Rc2 Rh5 38. g4 e5 39. Rxe5 1-0

[Event "9th Beirut Open 2017"]
[Site "Beirut"]
[Date "2017.10.04"]
[Round "6"]
[White "Kassas, Mohamad"]
[Black "Sharbel, Marwan"]
[Result "0-1"]
[ECO "A00"]
[WhiteElo "1633"]
[BlackElo "1995"]
[Annotator "NA RC"]
[PlyCount "87"]
[EventDate "2017.??.??"]
[EventCountry "LBN"]
[SourceTitle "playchess.com"]
[Source "ChessBase"]
[SourceQuality "1"]
[TimeControl "5400+30"]

1. d4 d5 2. c4 e6 3. Nc3 c6 4. Bf4 dxc4 5. e4 b5 6. Nf3 Bb4 7. Be2 Nf6 8. Bg5 Bxc3+ 9. bxc3 Qa5 10. Qc2 Nxe4 11. Bd2 Nxd2 12. Nxd2 O-O 13. O-O Nd7 14. Ne4 Qc7 15. Bf3 h6 16. Qd2 Bb7 17. Rab1 Rfd8 18. Qe3 e5 19. Rfd1 exd4 20. Rxd4 c5 21. Rdd1 Bxe4 22. Bxe4 Rab8 23. Bc2 a6 24. Qe4 Nf6 25. Rxd8+ Rxd8 26. Qe3 Ng4 27. Qe4 Qxh2+ 28. Kf1 Nf6 29. Qc6 Qd6 30. Qxd6 Rxd6 31. a4 Rb6 32. Ke1 b4 33. Kd2 Rd6+ 34. Kc1 a5 35. Rb2 Nd5 36. cxb4 cxb4 37. Bd1 Nf4 38. Rd2 Rxd2 39. Kxd2 Nxg2 40. Be2 c3+ 41. Kc2 Nf4 42. Bc4 Kf8 43. Bb5 Ke7 44. Kb3 0-1

[Event "9th Beirut Open 2017"]
[Site "Beirut"]
[Date "2017.10.04"]
[Round "6"]
[White "Farhat, Jawad"]
[Black "Saad, Charbel"]
[Result "1-0"]
[ECO "A00"]
[WhiteElo "1592"]
[BlackElo "1795"]
[Annotator "NA"]
[PlyCount "52"]
[EventDate "2017.??.??"]
[EventCountry "LBN"]
[SourceTitle "playchess.com"]
[Source "ChessBase"]
[SourceQuality "1"]
[TimeControl "5400+30"]

1. d4 Nf6 2. c4 e6 3. Nc3 c5 4. e3 g6 5. Nf3 Bg7 6. Qc2 cxd4 7. exd4 O-O 8. Bg5 Qb6 9. Bd3 Nc6 10. c5 Qb4 11. a3 Qa5 12. O-O a6 13. b4 Qc7 14. Rad1 b5 15. Rfe1 Ne7 16. Ne4 Nfd5 17. Nd6 Bb7 18. Bh4 f5 19. Bxe7 Nxe7 20. Ne5 Bd5 21. f4 Nc8 22. Nxc8 Raxc8 23. Qd2 d6 24. cxd6 Qxd6 25. Rc1 Bb7 26. Bb1 Rfd8 1-0

[Event "9th Beirut Open 2017"]
[Site "Beirut"]
[Date "2017.10.04"]
[Round "6"]
[White "Khoder, Akram"]
[Black "Zeidan, Mohammad"]
[Result "0-1"]
[ECO "D00"]
[WhiteElo "1547"]
[BlackElo "1988"]
[Annotator "NA"]
[PlyCount "78"]
[EventDate "2017.??.??"]
[EventCountry "LBN"]
[SourceTitle "playchess.com"]
[Source "ChessBase"]
[SourceQuality "1"]
[TimeControl "5400+30"]

1. d4 d5 2. Nf3 Nf6 3. Nc3 c6 4. Bg5 Bf5 5. e3 Nbd7 6. Bd3 Bxd3 7. Qxd3 e6 8. O-O Bd6 9. e4 dxe4 10. Nxe4 Be7 11. Rfe1 O-O 12. Bxf6 Nxf6 13. Nfg5 Nxe4 14. Nxe4 Qd5 15. c4 Qf5 16. Qg3 Rad8 17. Rad1 Rd7 18. Qe5 Qxe5 19. dxe5 Rfd8 20. Nc3 Bc5 21. Rxd7 Rxd7 22. Rd1 Rxd1+ 23. Nxd1 Bd4 24. b3 Bxe5 25. Kf1 Bd4 26. Ke2 f5 27. f4 Kf7 28. Kd3 c5 29. Nc3 Bxc3 30. Kxc3 e5 31. fxe5 Ke6 32. Kd3 Kxe5 33. g3 g5 34. Ke3 h5 35. h3 g4 36. h4 a5 37. a3 f4+ 38. gxf4+ Kf5 39. a4 b6 0-1

[Event "9th Beirut Open 2017"]
[Site "Beirut"]
[Date "2017.10.04"]
[Round "6"]
[White "Khallouf, Abdallah"]
[Black "Shamieh, Jamal"]
[Result "0-1"]
[ECO "A13"]
[WhiteElo "1530"]
[BlackElo "2046"]
[Annotator "NA RC"]
[PlyCount "136"]
[EventDate "2017.??.??"]
[EventCountry "LBN"]
[SourceTitle "playchess.com"]
[Source "ChessBase"]
[SourceQuality "1"]
[TimeControl "5400+30"]

1. c4 e6 2. g3 d5 3. cxd5 exd5 4. d4 c6 5. Bg2 Bf5 6. Nf3 Be7 7. O-O h6 8. Qb3 Qc7 9. Nfd2 Nf6 10. Nc3 O-O 11. e4 dxe4 12. Ndxe4 Nxe4 13. Nxe4 Be6 14. Qe3 Na6 15. Nc3 Nb4 16. Qe2 Rfe8 17. a3 Nd5 18. Nxd5 Bxd5 19. Bxd5 cxd5 20. Qb5 Qc6 21. Qxc6 bxc6 22. Be3 Rec8 23. Rfc1 Kf8 24. b4 Rab8 25. Rab1 a6 26. Kf1 Ke8 27. Ke2 Kd7 28. Kd3 Rb6 29. Bd2 Rcb8 30. Rb2 h5 31. Rcb1 g5 32. f3 g4 33. fxg4 hxg4 34. Rf1 f6 35. Bf4 Rh8 36. Re2 a5 37. Rfe1 Rh7 38. Bd2 axb4 39. Bxb4 Bxb4 40. axb4 Rxb4 41. Ra1 Rb7 42. Ra8 Re7 43. Rxe7+ Kxe7 44. Rg8 Rb3+ 45. Kc2 Rf3 46. Rxg4 Rf2+ 47. Kd3 Rxh2 48. Ke3 Ra2 49. Kf4 Ke6 50. Rg8 Rf2+ 51. Ke3 Rc2 52. g4 Rc3+ 53. Kd2 Rg3 54. Ke2 Ke7 55. Rg7+ Ke6 56. Rg8 Kf7 57. Rc8 Rxg4 58. Rc7+ Kg6 59. Rxc6 Rxd4 60. Rd6 Kf5 61. Ke3 Re4+ 62. Kf3 Ke5 63. Rd8 Ra4 64. Rh8 Ra3+ 65. Ke2 f5 66. Rh4 f4 67. Kf2 Ke4 68. Ke2 Ra2+ 0-1

[Event "9th Beirut Open 2017"]
[Site "Beirut"]
[Date "2017.10.04"]
[Round "6"]
[White "Fakhoury, Dory"]
[Black "Fawaz, Kassem"]
[Result "1-0"]
[ECO "A00"]
[WhiteElo "1402"]
[BlackElo "1719"]
[Annotator "NA"]
[PlyCount "35"]
[EventDate "2017.??.??"]
[EventCountry "LBN"]
[SourceTitle "playchess.com"]
[Source "ChessBase"]
[SourceQuality "1"]
[TimeControl "5400+30"]

1. e4 c5 2. d4 cxd4 3. c3 dxc3 4. Nxc3 Nc6 5. Bc4 e6 6. Nf3 a6 7. e5 Bc5 8. Ne4 Qb6 9. O-O f5 10. exf6 Nxf6 11. Nxf6+ gxf6 12. Nh4 Qd8 13. Qh5+ Ke7 14. Qxc5+ d6 15. Qh5 b5 16. Re1 Ne5 17. Nf5+ exf5 18. Qf7# 1-0

[Event "9th Beirut Open 2017"]
[Site "Beirut"]
[Date "2017.10.04"]
[Round "6"]
[White "Arcadan, Adib"]
[Black "Moughames, Ronald"]
[Result "0-1"]
[ECO "A00"]
[WhiteElo "1346"]
[BlackElo "1769"]
[Annotator "NA"]
[PlyCount "60"]
[EventDate "2017.??.??"]
[EventCountry "LBN"]
[SourceTitle "playchess.com"]
[Source "ChessBase"]
[SourceQuality "1"]
[TimeControl "5400+30"]

1. d4 Nf6 2. c4 g6 3. Nc3 Bg7 4. e4 d6 5. f3 O-O 6. Be3 Nfd7 7. Nge2 c5 8. d5 Qa5 9. a3 a6 10. Rc1 b5 11. cxb5 axb5 12. Bd2 b4 13. axb4 cxb4 14. Nb1 Bxb2 15. Rc4 Ne5 16. Bxb4 Qb5 17. Nd4 Qb6 18. Qd2 Nxc4 19. Bxc4 Qxd4 20. Qxd4 Bxd4 21. h4 Ba6 22. Be2 Rc8 23. Bd2 Rc2 24. h5 Rb2 25. Nc3 Bxc3 26. Bxc3 Rxe2+ 27. Kd1 g5 28. g3 Bd3 29. f4 Ra3 30. Bd4 Rb3 0-1

[Event "9th Beirut Open 2017"]
[Site "Beirut"]
[Date "2017.10.04"]
[Round "6"]
[White "El Jawich, Muhammad"]
[Black "Iaali, Abdelrahman"]
[Result "1/2-1/2"]
[ECO "A00"]
[WhiteElo "1245"]
[BlackElo "1670"]
[Annotator "NA"]
[PlyCount "133"]
[EventDate "2017.??.??"]
[EventCountry "LBN"]
[SourceTitle "playchess.com"]
[Source "ChessBase"]
[SourceQuality "1"]
[TimeControl "5400+30"]

1. e4 c5 2. Nf3 Nc6 3. c3 d6 4. Bb5 Nf6 5. Qc2 Bd7 6. O-O a6 7. Bxc6 Bxc6 8. d3 c4 9. Nbd2 cxd3 10. Qxd3 Rc8 11. Nd4 Bd7 12. c4 g6 13. b3 Bg7 14. Bb2 O-O 15. Rac1 Ng4 16. f4 e5 17. h3 exd4 18. hxg4 Bxg4 19. Bxd4 Bxd4+ 20. Qxd4 h5 21. Nf3 Qa5 22. Qb2 Qc5+ 23. Qd4 Qxd4+ 24. Nxd4 Kg7 25. Kf2 Rfe8 26. Rfe1 Rc7 27. Ke3 Rce7 28. Kd3 f5 29. c5 dxc5 30. Rxc5 fxe4+ 31. Ke3 Rd8 32. Rec1 Red7 33. Rc7 Bf5 34. Rxd7+ Rxd7 35. Rd1 Kf6 36. g3 Rc7 37. Nxf5 gxf5 38. Rd6+ Kg7 39. Kd2 Kg8 40. Rd5 Rf7 41. Ke3 Kg7 42. Rd6 Rf6 43. Rd7+ Rf7 44. Rd6 Kh7 45. Kd4 Rg7 46. Rf6 Rxg3 47. Rxf5 Kg6 48. Re5 h4 49. Rxe4 h3 50. Re1 h2 51. Rh1 Rh3 52. Ke4 Kf6 53. Kd5 Kf5 54. Kc5 Kxf4 55. Kb6 Kg3 56. Kxb7 Kg2 57. Rxh2+ Kxh2 58. Kxa6 Re3 59. a4 Rxb3 60. a5 Kg3 61. Ka7 Kf4 62. a6 Ke5 63. Ka8 Kd6 64. a7 Rf3 65. Kb7 Rf7+ 66. Kb8 Rxa7 67. Kxa7 1/2-1/2

[Event "9th Beirut Open 2017"]
[Site "Beirut"]
[Date "2017.10.05"]
[Round "7"]
[White "Gevorgyan, Maria"]
[Black "Ghnatios, Ralph"]
[Result "1-0"]
[ECO "B24"]
[WhiteElo "2262"]
[BlackElo "1764"]
[Annotator "ChessBase"]
[PlyCount "71"]
[EventDate "2017.??.??"]
[EventCountry "LBN"]
[SourceTitle "playchess.com"]
[Source "ChessBase"]
[SourceQuality "1"]
[TimeControl "5400+30"]

1. e4 c5 2. Nc3 Nc6 3. Bb5 Nd4 4. Bc4 g6 5. Nf3 Bg7 6. Nxd4 cxd4 7. Qf3 Nh6 8. d3 Qa5 9. Bxh6 Bxh6 10. Qxf7+ Kd8 11. Qd5 Qxd5 12. Nxd5 e6 13. Nf6 Bg7 14. e5 Ke7 15. f4 Bxf6 16. exf6+ Kxf6 17. Kd2 b6 18. Rhf1 h5 19. g3 Bb7 20. Rae1 Rac8 21. Rf2 a5 22. Rfe2 Rc6 23. Bb5 Rd6 24. Bxd7 Rxd7 25. Rxe6+ Kf7 26. Rxb6 Bd5 27. a3 a4 28. Rb4 Rc8 29. Rxd4 Bc6 30. Rc4 Re7 31. Rf1 Kf6 32. Rc5 Re6 33. f5 Ree8 34. fxg6+ Kxg6 35. h4 Kh6 36. Rf6+ {[%emt 0:00:09] Rc7} 1-0

[Event "9th Beirut Open 2017"]
[Site "Beirut"]
[Date "2017.10.05"]
[Round "7"]
[White "Najjar, Ahmad"]
[Black "Tsatsalashvili, Keti"]
[Result "0-1"]
[ECO "E12"]
[WhiteElo "2242"]
[BlackElo "2264"]
[Annotator "ChessBase"]
[PlyCount "102"]
[EventDate "2017.??.??"]
[EventCountry "LBN"]
[SourceTitle "playchess.com"]
[Source "ChessBase"]
[SourceQuality "1"]
[TimeControl "5400+30"]

1. d4 Nf6 2. c4 e6 3. Nf3 b6 4. Bg5 Bb7 5. e3 Be7 6. Be2 h6 7. Bxf6 Bxf6 8. O-O O-O 9. Nc3 d6 10. Qc2 Nd7 11. Rad1 g6 12. Nd2 Bg7 13. Bf3 Bxf3 14. Nxf3 Qe7 15. Qa4 c5 16. Qa3 Rfc8 17. b3 a6 18. Ne2 b5 19. dxc5 Nxc5 20. b4 Ne4 21. cxb5 axb5 22. Qd3 Rc4 23. a3 d5 24. Nfd4 Qb7 25. f3 Nd6 26. Rd2 Qa6 27. Nc2 Rc7 28. Ned4 Nc4 29. Re2 Rac8 30. e4 Qb6 31. Kh1 e5 32. Nb3 Nb2 33. Qxd5 Rxc2 34. Rxc2 Rxc2 35. Nc5 Nc4 36. h3 Rd2 37. Qa8+ Rd8 38. Qb7 Qxb7 39. Nxb7 Rd2 40. Ra1 Bf8 41. a4 bxa4 42. Rxa4 Rd7 43. Nc5 Bxc5 44. bxc5 Ne3 45. Ra3 Nc2 46. Ra8+ Kg7 47. Rc8 Rd1+ 48. Kh2 Nd4 49. Kg3 Rc1 50. Kf2 Ne6 51. c6 Nd4 0-1

[Event "9th Beirut Open 2017"]
[Site "Beirut"]
[Date "2017.10.05"]
[Round "7.11"]
[White "Koniahli, Malek"]
[Black "Ghannam, Kotayba"]
[Result "1-0"]
[ECO "A00"]
[WhiteElo "2086"]
[BlackElo "2022"]
[Annotator "NA RC"]
[PlyCount "47"]
[EventDate "2017.??.??"]
[EventCountry "LBN"]
[SourceTitle "playchess.com"]
[Source "ChessBase"]
[SourceQuality "1"]
[TimeControl "5400+30"]

1. d4 d5 2. Nf3 Nf6 3. Bf4 e6 4. e3 Bd6 5. Bg3 b6 6. Ne5 c6 7. Bd3 O-O 8. O-O Ne4 9. Bxe4 dxe4 10. Nd2 f6 11. Nec4 Bxg3 12. fxg3 Ba6 13. Rf4 f5 14. Ne5 Qc7 15. Nxe4 fxe4 16. Rxf8+ Kxf8 17. Qh5 g6 18. Qh3 Kg7 19. Qxe6 Bc8 20. Qe8 Nd7 21. Qe7+ Kg8 22. Rf1 Qb7 23. Qd8+ Kg7 24. Rf7+ 1-0

[Event "9th Beirut Open 2017"]
[Site "Beirut"]
[Date "2017.10.05"]
[Round "7.12"]
[White "Kaloust, Giorgio"]
[Black "Abdulaziz, Mahmoud"]
[Result "0-1"]
[ECO "A00"]
[WhiteElo "1764"]
[BlackElo "2093"]
[Annotator "NA RC"]
[PlyCount "74"]
[EventDate "2017.??.??"]
[EventCountry "LBN"]
[SourceTitle "playchess.com"]
[Source "ChessBase"]
[SourceQuality "1"]
[TimeControl "5400+30"]

1. d4 g6 2. c4 Bg7 3. Nc3 d6 4. e4 e5 5. Nf3 Nc6 6. d5 Nce7 7. Bd3 Nf6 8. O-O O-O 9. Bd2 Nd7 10. b4 f5 11. exf5 gxf5 12. Be2 h6 13. Qb3 Ng6 14. Rac1 e4 15. Ne1 Qe7 16. Nc2 f4 17. Rfe1 Nh4 18. Bf1 e3 19. Nxe3 fxe3 20. Bxe3 Ne5 21. Kh1 Qf6 22. Ne4 Qf7 23. c5 Bf5 24. Ng3 Bg6 25. Be2 Nf5 26. Nxf5 Qxf5 27. c6 b6 28. h3 a5 29. a4 axb4 30. Qxb4 Qe4 31. Rb1 Rxa4 32. Qxe4 Bxe4 33. Rb5 Nd3 34. Rf1 Ra2 35. Bf3 Bxf3 36. gxf3 Rxf3 37. Kg2 Rxe3 0-1

[Event "9th Beirut Open 2017"]
[Site "Beirut"]
[Date "2017.10.05"]
[Round "7.13"]
[White "Shamieh, Jamal"]
[Black "Muhssen, Fared Saleh"]
[Result "1-0"]
[ECO "A00"]
[WhiteElo "2046"]
[BlackElo "1905"]
[Annotator "NA RC"]
[PlyCount "36"]
[EventDate "2017.??.??"]
[EventCountry "LBN"]
[SourceTitle "playchess.com"]
[Source "ChessBase"]
[SourceQuality "1"]
[TimeControl "5400+30"]

1. d4 e6 2. e4 c5 3. d5 exd5 4. exd5 d6 5. Nf3 g6 6. Bg5 Qb6 7. Nbd2 f6 8. Nc4 Qc7 9. Bf4 Qf7 10. a4 Bg4 11. h3 Bxf3 12. Qxf3 Nd7 13. O-O-O Nb6 14. Nxb6 axb6 15. Bb5+ Kd8 16. Qg4 f5 17. Qf3 g5 18. Bxg5+ Kc8 1-0

[Event "9th Beirut Open 2017"]
[Site "Beirut"]
[Date "2017.10.05"]
[Round "7.14"]
[White "Khader, Aram"]
[Black "Abdo, Moussa"]
[Result "1-0"]
[ECO "B32"]
[WhiteElo "2101"]
[BlackElo "1753"]
[Annotator "RC"]
[PlyCount "73"]
[EventDate "2017.??.??"]
[EventCountry "LBN"]
[SourceTitle "playchess.com"]
[Source "ChessBase"]
[SourceQuality "1"]
[TimeControl "5400+30"]

1. e4 c5 2. Nf3 Nc6 3. d4 cxd4 4. Nxd4 e5 5. Nb5 a6 6. Nd6+ Bxd6 7. Qxd6 Qf6 8. Qd1 Nge7 9. Nc3 O-O 10. Be3 b5 11. Qd2 Rb8 12. O-O-O Nd8 13. Bc5 Nb7 14. Nd5 Nxd5 15. Bxf8 Kxf8 16. Qxd5 d6 17. Qd2 Be6 18. Kb1 Rd8 19. f3 d5 20. exd5 Bxd5 21. Qb4+ Kg8 22. Bd3 g6 23. Be4 Qe6 24. Rxd5 Rxd5 25. Bxd5 Qxd5 26. Re1 Nd6 27. Qc3 f6 28. Qd3 Qxd3 29. cxd3 Kf7 30. Kc2 Nf5 31. Kc3 Nd4 32. Re4 Ke6 33. Rxd4 exd4+ 34. Kxd4 Kd6 35. b4 h6 36. f4 f5 37. h4 1-0

[Event "9th Beirut Open 2017"]
[Site "Beirut"]
[Date "2017.10.05"]
[Round "7.15"]
[White "Mikati, Hani"]
[Black "Asmar, Elie"]
[Result "0-1"]
[ECO "A00"]
[WhiteElo "1693"]
[BlackElo "2061"]
[Annotator "NA RC"]
[PlyCount "90"]
[EventDate "2017.??.??"]
[EventCountry "LBN"]
[SourceTitle "playchess.com"]
[Source "ChessBase"]
[SourceQuality "1"]
[TimeControl "5400+30"]

1. e4 Nc6 2. d4 e5 3. d5 Nce7 4. Nf3 Ng6 5. g3 Nf6 6. Bd3 Bc5 7. h3 d6 8. c3 O-O 9. b4 Bb6 10. a4 a5 11. Nbd2 Re8 12. Nc4 Nxd5 13. Nxb6 Nxb6 14. h4 Bg4 15. h5 Nf8 16. Rh4 Bd7 17. b5 Ne6 18. h6 g6 19. Be3 c6 20. c4 Rc8 21. Nh2 cxb5 22. cxb5 Nc5 23. Bxc5 dxc5 24. Qf3 Qe7 25. Ng4 Bxg4 26. Qxg4 c4 27. Be2 c3 28. f4 exf4 29. Qxf4 c2 30. Kf2 Qc5+ 31. Kg2 Nd5 32. Qc1 Nf6 33. Bf3 b6 34. Rf4 Qc3 35. Ra2 Rc5 36. Rxf6 Qxf6 37. Rxc2 Rxc2+ 38. Qxc2 g5 39. Qc7 Qxh6 40. e5 g4 41. Bxg4 Qd2+ 42. Kh3 Qd5 43. Bd7 Rxe5 44. Qc8+ Kg7 45. Qc3 Qxd7+ 0-1

[Event "9th Beirut Open 2017"]
[Site "Beirut"]
[Date "2017.10.05"]
[Round "7.16"]
[White "Sursock, Sameer"]
[Black "Terzian, Kevork"]
[Result "1-0"]
[ECO "A00"]
[WhiteElo "2033"]
[BlackElo "1693"]
[Annotator "NA RC"]
[PlyCount "59"]
[EventDate "2017.??.??"]
[EventCountry "LBN"]
[SourceTitle "playchess.com"]
[Source "ChessBase"]
[SourceQuality "1"]
[TimeControl "5400+30"]

1. e4 d6 2. d4 Nf6 3. Nc3 g6 4. f4 Bg7 5. Nf3 O-O 6. Bd3 Nbd7 7. e5 Ne8 8. Ne4 dxe5 9. fxe5 c5 10. c3 cxd4 11. cxd4 Nc7 12. O-O Kh8 13. Nfg5 f6 14. exf6 Nxf6 15. Nxf6 Bxf6 16. Kh1 Bxg5 17. Rxf8+ Qxf8 18. Bxg5 Ne6 19. Be3 Qf6 20. d5 Ng7 21. Qd2 Qd6 22. Qc3 Kg8 23. Bc5 Qf6 24. Bd4 Qf8 25. Rf1 Bf5 26. g4 Rc8 27. Qe1 Qd8 28. Qe5 Qf8 29. gxf5 gxf5 30. Rg1 1-0